 Dungeon Crawl Stone Soup version 0.31-a0-152-g6aa68a64a1 (webtiles) character file.

Game seed: 9666263757992992103

4516 Drazool the Knight (level 10, -14/71 HPs)
             Began as a Vampire Monk on June 9, 2023.
             Was a Priest of Okawaru.
             Demolished by an orc knight
             ... wielding a +0 war axe
              (19 damage)
             ... in a bailey.
             The game lasted 00:34:50 (7904 turns).

Drazool the Knight (Vampire Monk)                   Turns: 7904, Time: 00:34:51

Health: -14/71     AC: 14    Str: 10    XL:     10   Next: 16%
Magic:  14/16      EV: 21    Int: 12    God:    Okawaru [***...]
Gold:   484        SH:  0    Dex: 22    Spells: 9/9 levels left

rFire   . . .        a - +1 falchion
rCold   + . .        (no shield)
rNeg    . . .        x - +1 leather armour
rPois   +            (no helmet)
rElec   .            M - +2 cloak {rPois}
rCorr   .            L - +1 pair of gloves
SInv    +            (no boots)
Will    +....        y - amulet of regeneration
Stlth   +++          C - ring of protection from cold
HPRegen 1.31/turn    T - +4 ring of protection
MPRegen 0.15/turn

%: no passive effects
@: heroic, healing quickly, studying Short Blades
A: alive, fangs 3, see invisible, vampiric 2
a: Exsanguinate, Renounce Religion, Heroism


You were in a bailey.
You worshipped Okawaru.
Okawaru was most pleased with you.
You visited 1 branch of the dungeon, and saw 9 of its levels.
You also visited: Ossuary and Bailey.

You collected 484 gold pieces.


Innate Abilities, Weirdness & Mutations

Your natural rate of healing is accelerated.
You have razor-sharp teeth.
You have supernaturally acute eyesight. (SInv)
You are afflicted with vampirism and can become a bat while bloodless.


   Skills:
 - Level 4.0(9.0) Fighting
 + Level 6.9(13.0) Short Blades
 - Level 5.5(11.9) Long Blades
 - Level 5.6(10.6) Throwing
 + Level 7.9(12.9) Dodging
 - Level 8.0 Invocations


You had 9 spell levels left.
You didn't know any spells.
Your spell library contained the following spells:

 Spells                   Type           Power      Damage    Failure   Level
 Apportation              Tloc           0%         N/A       41%         1
 Shock                    Conj/Air       0%         1d3       41%         1
 Lesser Beckoning         Tloc           0%         N/A       54%         2
 Frozen Ramparts          Ice            0%         1d1       78%         3
 Gell's Gravitas          Tloc           0%         N/A       78%         3
 Swiftness                Air            0%         N/A       78%         3
 Teleport Other           Tloc           0%         N/A       78%         3
 Airstrike                Air            0%         2d(0-16)  99%         4
 Ice Form                 Ice/Tmut       0%         N/A       99%         4
 Alistair's Intoxication  Tmut/Pois      0%         N/A       100%        5
 Summon Ice Beast         Ice/Summ       Unusable   N/A       N/A         4

Inventory:

Hand Weapons
 a - a +1 falchion (weapon)
 b - a +0 sling
Missiles
 u - 11 javelins
 A - 11 poisoned darts
 N - 4 boomerangs (quivered)
Armour
 d - an orb of light
 g - a scarf of repulsion
 v - a +0 robe
 x - a +1 leather armour (worn)
 L - a +1 pair of gloves (worn)
 M - a +2 cloak of poison resistance (worn)
Magical Staves
 h - a staff of death {!a}
Jewellery
 i - an amulet of guardian spirit
 n - an amulet of the acrobat
 t - a +4 ring of protection
 y - an amulet of regeneration (around neck)
 C - a ring of protection from cold (left hand)
 R - a ring of resist corrosion
 T - a +4 ring of protection (right hand)
 W - a ring of willpower
Wands
 e - a wand of polymorph (5)
 z - a wand of iceblast (13)
Scrolls
 f - 3 scrolls of vulnerability
 l - a scroll of magic mapping
 m - 3 scrolls of amnesia
 q - a scroll of fog
 r - a scroll of teleportation {@r2}
 w - 2 scrolls of immolation
 H - a scroll of enchant weapon
Potions
 c - 2 potions of ambrosia
 j - 3 potions of mutation
 k - a potion of magic
 p - a potion of cancellation
 s - a potion of enlightenment
 B - a potion of attraction
 F - 4 potions of lignification
 G - a potion of brilliance
 J - a potion of degeneration

Dungeon Overview and Level Annotations

Branches:
Dungeon (9/15)             Temple (0/1) D:4            Lair (0/5) D:9
Ossuary (visited)          Bailey (1/1)
    Orc: D:9-12

Altars:
Cheibriados
Fedhas
Kikubaaqudgha
Makhleb
Nemelex Xobeh
Okawaru
Trog
Xom

Shops:
D:8 :

Annotations:
D:7 1 runed translucent door

▒.........▒
▒▒.......▒▒
▒.......▒
▒▒.....▒▒
♣▒▒'''▒▒♣♣
♣.)...)..♣
♣♣♣).......♣
♣.....o....♣♣
♣.....@.....♣
♣♣....∩....♣♣
♣...........♣
♣♣♣♣.....♣.♣♣
♣♣♣.♣♣♣♣♣ ♣♣♣


You could see an orc knight.


Message History

You feel like a meek peon again.
You completely miss the orc knight.
The orc knight is lightly wounded.
The orc knight barely misses you.
You hit the orc knight but do no damage.
The orc knight is lightly wounded.
The orc knight hits you with a +0 war axe!!
* * * LOW HITPOINT WARNING * * *
Unknown command.
Use which ability? (? or * to list)
You gain the combat prowess of a mighty hero.
The orc knight completely misses you.
Unknown command.
You hit the orc knight but do no damage.
The orc knight is lightly wounded.
The orc knight misses you.
You hit the orc knight but do no damage.
The orc knight is lightly wounded.
The orc knight completely misses you.
You slash the orc knight!
The orc knight is moderately wounded.
You hit the orc knight.
The orc knight is moderately wounded.
The orc knight hits you with a +0 war axe!
* * * LOW HITPOINT WARNING * * *
Unknown command.
You closely miss the orc knight.
The orc knight is moderately wounded.
The orc knight hits you with a +0 war axe!!
You die...

Skill      XL: |  1  2  3  4  5  6  7  8  9 10 |
---------------+-------------------------------+-----
Long Blades    | 4 5 |  5.5
Fighting       | 3 4 |  4.0
Dodging        | 4 5 6 7 |  7.9
Invocations    | 1 2 3 5 8 |  8.0
Throwing       | 2 5 |  5.6
Short Blades   | 5 6 |  6.9

Action                     |  1- 3 |  4- 6 |  7- 9 | 10-12 || total
---------------------------+-------+-------+-------+-------++-------
  Melee: Falchion          |    88 |   147 |   536 |    63 ||   834
         Bite              |     7 |    20 |    79 |    12 ||   118
         Punch             |       |       |     8 |     2 ||    10
   Fire: Sling             |       |    21 |       |       ||    21
  Throw: Dart              |       |     5 |    33 |     2 ||    40
         Javelin           |       |     3 |     8 |       ||    11
         Boomerang         |       |       |    16 |     7 ||    23
         Throwing net      |       |       |     2 |       ||     2
 Invoke: Heroism           |       |     2 |     7 |     3 ||    12
  Evoke: Wand              |       |       |    16 |     1 ||    17
    Use: Scroll            |     2 |    10 |    15 |     1 ||    28
         Potion            |       |       |    13 |     1 ||    14
   Stab: Invisible         |       |       |    15 |       ||    15
         Held in net/web   |       |       |     3 |       ||     3
         Sleeping          |       |       |     1 |       ||     1
 Armour: Robe              |    22 |     6 |       |       ||    28
         Leather armour    |       |    35 |   113 |     6 ||   154
  Dodge: Dodged            |    53 |   125 |   373 |    40 ||   591
         Repelled          |     1 |       |     2 |       ||     3

Levels and vault maps discovered:
D:1:      dpeg_arrival_concentric_ovals, layout_rooms, roderic_serpentine_path,
          grunt_decor_mini_mirrors
D:2:      layout_loops_ring, minmay_distorted
D:3:      layout_rooms, slow_altar_1, nicolae_elyvilon_peaceful_grove,
          old_standard_altar, overflow_temple_1_default, serial_curves,
          eino_curves_04, eino_curves_01, hangedman_abyss_or_decor_lesser_grid,
          minivault_11, chequers_jeans, minivault_14
D:4:      layout_gridville, mainiacjoe_overflow_cross_hatched,
          mainiacjoe_overflow_paths, minmay_temple_entry_junction,
          serial_bayou_pond_c, hex_medium, chequers_serial_rivers_micro_d,
          grunt_decor_clamped, grunt_ministairs_2, kennysheep_generic_room_13,
          uniq_blork_the_orc
D:5:      layout_loops_ring, old_standard_altar, nicolae_ossuary_entry_ruins,
          gammafunk_ghost_gnarly_gnolls
D:6:      layout_cave_pools, lightli_temple_of_fire, uniq_maggie
D:7:      layout_loops_ring, nzn_makhleb_speed_demon
D:8:      layout_layer_cave, serial_shops, shop, uniq_pikel, uniq_maurice
D:9:      dragon1_lemuel, layout_irregular_city,
          gammafunk_temple_overflow_statue, dpeg_lair_monsters, enter_bailey_2
Bailey:   bailey_axe_minmay_hex_keep, bailey

Notes
Turn   | Place    | Note
-------+----------+-------------------------------------------
     0 | D:1      | Drazool the Vampire Monk began the quest for the Orb.
     0 | D:1      | Reached XP level 1. HP: 17/17 MP: 1/1
   108 | D:1      | Reached XP level 2. HP: 23/23 MP: 2/2
   204 | D:1      | Reached skill level 4 in Long Blades
   652 | D:1      | Gained mutation: You are afflicted with vampirism and can
                  | become a bat while bloodless. [Vampire growth]
   652 | D:1      | Reached XP level 3. HP: 28/28 MP: 3/3
  1230 | D:2      | Reached skill level 5 in Long Blades
  1230 | D:2      | Reached XP level 4. HP: 32/34 MP: 2/4
  1682 | D:3      | Found a snail-covered altar of Cheibriados.
  1707 | D:3      | Found an ancient bone altar of Kikubaaqudgha.
  1756 | D:3      | Found an iron altar of Okawaru.
  1787 | D:3      | Became a worshipper of Warmaster Okawaru
  1787 | D:3      | Reached * piety under Okawaru
  1787 | D:3      | Reached ** piety under Okawaru
  1824 | D:3      | Reached XP level 5. HP: 40/40 MP: 5/5
  2266 | D:4      | Reached skill level 3 in Fighting
  2266 | D:4      | Reached skill level 4 in Dodging
  2348 | D:4      | Reached skill level 1 in Invocations
  2413 | D:4      | Noticed a black bear
  2426 | D:4      | Killed a black bear
  2427 | D:4      | Reached XP level 6. HP: 42/47 MP: 2/7
  2435 | D:4      | Reached skill level 5 in Dodging
  2549 | D:4      | Found a staircase to the Ecumenical Temple.
  2574 | D:4      | Found a shimmering altar of Xom.
  2611 | D:4      | Reached skill level 2 in Invocations
  2655 | D:4      | Reached *** piety under Okawaru
  2656 | D:4      | Reached XP level 7. HP: 53/53 MP: 6/8
  2731 | D:4      | Noticed Blork the orc
  2742 | D:4      | Killed Blork the orc
  2743 | D:4      | Reached skill level 4 in Fighting
  2743 | D:4      | Reached skill level 6 in Dodging
  2832 | D:4      | Found a blossoming altar of Fedhas.
  3224 | D:4      | Reached skill level 1 in Throwing
  3224 | D:4      | Reached skill level 3 in Invocations
  3300 | D:5      | Entered Level 5 of the Dungeon
  3306 | D:5      | Found a sand-covered staircase.
  3318 | Ossuary  | Entered an ossuary
  3408 | Ossuary  | Reached skill level 2 in Throwing
  3712 | D:5      | Reached XP level 8. HP: 60/60 MP: 10/10
  3731 | D:5      | Reached skill level 3 in Throwing
  3742 | D:5      | Reached **** piety under Okawaru
  3743 | D:5      | Reached skill level 4 in Invocations
  3850 | D:5      | Reached skill level 4 in Throwing
  3915 | D:5      | Found a sparkling altar of Nemelex Xobeh.
  4132 | D:5      | Found a transporter.
  4133 | D:5      | Found a transporter.
  4148 | D:5      | Identified the +4 spear of Infinite Pain {vamp, rPois Str+3
                  | Stlth+}
  4152 | D:5      | Noticed rinse's ghost (amateur KoDe)
  4475 | D:5      | Received a gift from Okawaru
  4481 | D:5      | Reached skill level 5 in Throwing
  4630 | D:5      | Killed rinse's ghost
  4631 | D:5      | Reached skill level 5 in Invocations
  4795 | D:5      | HP: 3/60 [gnoll sergeant/the +4 spear of Infinite Pain
                  | {vamp, rPois Str+3 Stlth+} (13)]
  4800 | D:5      | Reached XP level 9. HP: 9/65 MP: 1/12
  5094 | D:6      | Noticed Maggie
  5172 | D:6      | Reached skill level 6 in Invocations
  5340 | D:6      | Maggie changed into Maggie the jelly
  5340 | D:6      | Noticed Maggie
  5345 | D:6      | Killed Maggie the jelly
  5596 | D:6      | Found a bloodstained altar of Trog.
  5894 | D:7      | Reached skill level 7 in Invocations
  5992 | D:7      | Found a runed translucent door.
  5993 | D:7      | Found a burning altar of Makhleb.
  5993 | D:7      | Noticed a sixfirhy
  6506 | D:8      | Noticed Maurice
  6509 | D:8      | Maurice changed into Maurice the warg
  6509 | D:8      | Noticed Maurice
  6524 | D:8      | Killed Maurice the warg
  6524 | D:8      | Received a gift from Okawaru
  7028 | D:7      | Reached skill level 8 in Invocations
  7114 | D:8      | Noticed Pikel
  7138 | D:8      | Found Nounid's Book Emporium.
  7189 | D:8      | Killed Pikel
  7190 | D:8      | Reached skill level 4 in Short Blades
  7219 | D:8      | Noticed a two-headed ogre
  7229 | D:8      | Reached skill level 7 in Dodging
  7238 | D:8      | a two-headed ogre changed into a swamp worm
  7242 | D:8      | HP: 1/65 [swamp worm (15)]
  7248 | D:8      | Reached skill level 5 in Short Blades
  7577 | D:9      | Reached XP level 10. HP: 35/71 MP: 16/16
  7617 | D:9      | Received a gift from Okawaru
  7618 | D:9      | Reached skill level 6 in Short Blades
  7713 | D:9      | Noticed a death yak
  7782 | D:9      | Found a flagged portal.
  7798 | Bailey   | Entered a bailey
  7853 | Bailey   | Noticed an orc knight
  7903 | Bailey   | HP: 4/71 [orc knight/+0 war axe (10)]
  7904 | Bailey   | Demolished by an orc knight

Vanquished Creatures
  Pikel (D:8)
  4 slime creatures (D:9)
  The ghost of rinse the Sneak, an amateur KoDe (D:5)
  A wyvern (D:8)
  A warg (D:8)
  A water moccasin (D:5)
  A swamp worm (D:8)
  An orc warrior (Bailey)
  A black bear (D:4)
  2 centaurs
  A wolf (D:7)
  5 ogres
  A phantom (D:4)
  Blork the orc (D:4)
  2 lemures (D:8)
  3 gnoll sergeants (D:5)
  5 scorpions
  3 howler monkeys (D:8)
  A gnoll bouda (D:5)
  6 hounds
  4 jellies
  3 orc priests
  A sleepcap (D:5)
  3 iguanas
  8 orc wizards
  14 mummies
  3 adders
  10 gnolls
  A river rat (D:7)
  A shadow imp (D:7)
  An ufetubus (D:6)
  A worm (D:2)
  3 dart slugs
  26 orcs
  16 ball pythons
  4 bats
  5 endoplasms
  4 giant cockroaches
  10 goblins
  12 hobgoblins
  3 jackals
  6 kobolds
  5 quokkas
  3 frilled lizards
  A gnoll skeleton (Ossuary)
  3 goblin skeletons (Ossuary)
  2 kobold skeletons (Ossuary)
  2 orc skeletons (Ossuary)
  9 rats
  11 rat skeletons (Ossuary)
217 creatures vanquished.

Vanquished Creatures (others)
  A butterfly (D:3)
1 creature vanquished.

Grand Total: 218 creatures vanquished

Table legend: (Time is in decaauts)
 A = Elapsed time spent in this place.
 B = Non-inter-level travel time spent in this place.
 C = Inter-level travel time spent in this place.
 D = Time resting spent in this place.
 E = Time spent auto-exploring this place.
 F = Levels seen in this place.
 G = Mean time per level.
                   A        B        C        D        E       F      G
               +--------+--------+--------+--------+--------+-----+--------+
         Total |   7905 |   7452 |    453 |    387 |   4726 |  11 |  718.6 |
       Dungeon |   7441 |   6988 |    453 |    376 |   4618 |   9 |  826.8 |
       Ossuary |    366 |    366 |      0 |     11 |    108 |   1 |  366.0 |
        Bailey |     97 |     97 |      0 |      0 |      0 |   1 |   97.0 |
               +--------+--------+--------+--------+--------+-----+--------+

Top non-repeatable levels by time:
     D:5: 1375 daAuts
     D:4: 1185 daAuts
     D:8: 1024 daAuts
     D:3: 764 daAuts
     D:7: 757 daAuts
     D:1: 722 daAuts
     D:6: 714 daAuts
     D:2: 697 daAuts
 Ossuary: 366 daAuts
     D:9: 200 daAuts
  Bailey: 97 daAuts

Table legend:
 A = Non-vault XP
 B = Vault XP
 C = Vault XP percentage of total XP
 D = Non-vault monster count
 E = Vault monster count
 F = Vault count percentage of total count
                 A         B        C        D         E       F
            +---------+---------+-------+---------+---------+-------
      Total |    4367 |    2085 |  32.3 |     150 |      65 |  30.2
            +---------+---------+-------+---------+---------+-------
        D:1 |      41 |       0 |   0.0 |      24 |       0 |   0.0
        D:2 |      80 |       2 |   2.4 |      22 |       1 |   4.3
        D:3 |      64 |      18 |  22.0 |      26 |       1 |   3.7
        D:4 |     774 |     182 |  19.0 |      24 |       7 |  22.6
        D:5 |     858 |     635 |  42.5 |      16 |      11 |  40.7
        D:6 |     746 |      46 |   5.8 |      17 |       1 |   5.6
        D:7 |     338 |       0 |   0.0 |       9 |       0 |   0.0
        D:8 |     536 |     799 |  59.9 |       8 |       2 |  20.0
        D:9 |     930 |       0 |   0.0 |       4 |       0 |   0.0
    Ossuary |       0 |     250 | 100.0 |       0 |      32 | 100.0
     Bailey |       0 |     153 | 100.0 |       0 |      10 | 100.0
            +---------+---------+-------+---------+---------+-------
